 Dungeon Crawl Stone Soup version 0.31-a0-841-g038b102fc3 (webtiles) character file.

Game seed: 17263965160990837220

2412 javelincjr the Changeling (level 9, -2/75 HPs)
             Began as a Purple Draconian Shapeshifter on Sept 27, 2023.
             Was a Believer of Qazlal.
             Slain by a hornet (4 damage)
             ... on level 6 of the Dungeon.
             The game lasted 00:19:18 (5571 turns).

javelincjr the Changeling (DrSh)                    Turns: 5571, Time: 00:19:19

Health: -2/75      AC:  7    Str: 20    XL:     9   Next: 23%
Magic:  0/25       EV: 13    Int: 12    God:    Qazlal [**....]
Gold:   365        SH:  2    Dex: 10    Spells: 18/18 levels left

rFire   . . .        m - +3 quarterstaff (chaos)
rCold   . . .        (shield currently unavailable)
rNeg    . . .        (body armour unavailable)
rPois   .            (helmet currently unavailable)
rElec   .            (cloak currently unavailable)
rCorr   .            (gloves currently unavailable)
SInv    .            (boots currently unavailable)
Will    +....        d - amulet of guardian spirit
Stlth   +            y - ring of magical power
HPRegen 0.32/turn    r - ring of wizardry
MPRegen 0.19/turn

%: guardian spirit, wizardry (x1)
@: lethally poisoned (-2 -> -4), beast-form, slowed, very slow
A: beast (slay +3), breathe power, AC +7, unfitting armour, cold-blooded
a: Breathe Dispelling Energy, Begin Untransformation, Renounce Religion,
Upheaval


You were on level 6 of the Dungeon.
You worshipped Qazlal.
Qazlal was pleased with you.
You were a hulking beast.
You visited 2 branches of the dungeon, and saw 7 of its levels.
You also visited: Sewer.

You collected 401 gold pieces.
You spent 36 gold pieces at shops.

Inventory:

Hand Weapons
 i - a +0 short sword of protection
 m - a +3 quarterstaff of chaos (weapon)
 C - a +2 vampiric trident
Missiles
 p - a boomerang
Armour
 n - a +0 cloak
 F - a +0 pair of boots
Jewellery
 d - an amulet of guardian spirit (around neck)
 l - a ring of resist corrosion
 r - a ring of wizardry (right hand)
 t - a ring of see invisible
 y - a ring of magical power (left hand)
 z - a ring of poison resistance
Talismans
 b - a beast talisman (active)
 c - a flux talisman
Wands
 q - a wand of roots (3)
 x - a wand of flame (31)
Scrolls
 e - a scroll of revelation {unknown}
 f - 2 scrolls of fear {unknown}
 j - 2 scrolls of identify {unknown}
 k - 2 scrolls of blinking
 u - a scroll of enchant weapon {unknown}
 A - 2 scrolls of fog {unknown}
 B - 2 scrolls of enchant armour {unknown}
 D - a scroll of amnesia {unknown}
 E - a scroll of brand weapon {unknown}
 G - a scroll of silence {unknown}
Potions
 a - a potion of lignification
 g - 3 potions of curing
 h - a potion of haste {unknown}
 o - 4 potions of enlightenment {unknown}
 s - a potion of cancellation {unknown}
 v - a potion of might {unknown}
 w - a potion of magic {unknown}
 H - a potion of berserk rage {unknown}


   Skills:
 + Level 5.7 Fighting
 + Level 5.0 Dodging
 + Level 5.8 Unarmed Combat
 * Level 5.2 Spellcasting
 + Level 3.0 Invocations
 * Level 6.5 Shapeshifting


You had 18 spell levels left.
You didn't know any spells.
Your spell library contained the following spells:

 Spells                   Type           Power      Damage    Failure   Level
 Slow                     Hex            12%        N/A       9%          1
 Confusing Touch          Hex            3%         N/A       24%         3
 Dazzling Flash           Conj/Hex       6%         N/A       24%         3
 Hailstorm                Conj/Ice       3%         3d3       24%         3
 Ozocubu's Armour         Ice            3%         N/A       24%         3
 Sigil of Binding         Hex            3%         N/A       24%         3
 Vampiric Draining        Necr           3%         2d6       24%         3
 Volatile Blastmotes      Fire/Tloc      6%         2d10      24%         3
 Summon Ice Beast         Ice/Summ       3%         N/A       58%         4
 Simulacrum               Ice/Necr       1%         N/A       100%        6
 Starburst                Conj/Fire      1%         6d3       100%        6
 Ozocubu's Refrigeration  Ice            1%         4d7       100%        7
 Maxwell's Capacitive Co  Air            1%         ∞         100%        8


Dungeon Overview and Level Annotations

Branches:
Dungeon (6/15)             Temple (1/1) D:5           Sewer (visited)

Altars:
Ashenzari
Cheibriados
Elyvilon
Fedhas
Gozag
Hepliaklqana
Makhleb
Okawaru
Qazlal
Ru
Sif Muna
Trog
Uskayaw
Vehumet
Wu Jian
Xom
Yredelemnul
The Shining One

Shops:
D:1 *

Annotations:
D:3 3 runed translucent doors, hattop's ghost, amateur DsNe; jpeg9000's ghost, amateur TeAE


Innate Abilities, Weirdness & Mutations

You are a hulking beast.
Your limbs bulge with bestial killing power. (Slay +3)
You can breathe bolts of dispelling energy.
Your rich purple scales are hard. (AC +7)
You cannot fit into any form of body armour.
You are cold-blooded and may be slowed by cold attacks.


Message History

The hornet stings you!
You feel as though you will be slow longer.
The hornet stings you.
You are more poisoned.
You shrug off the repeated paralysis!
You can move again.
Aiming: Breathe Dispelling Energy (4% risk of failure)
Press: ? - help, Shift-Dir - straight line, f - hornet
Aim: a hornet (heavily wounded, 35% to hit)
You breathe a bolt of dispelling energy.
The bolt of dispelling energy misses the hornet.
You feel extremely sick. The hornet closely misses you. The hornet stings you!
You shrug off the repeated paralysis!
You closely miss the hornet.
Your tail-slap misses the hornet.
The hornet is heavily wounded.
You feel very sick. The hornet closely misses you. The hornet stings you!
* * * LOW HITPOINT WARNING * * *
You feel as though you will be slow longer.
The hornet stings you!
* * * LOW HITPOINT WARNING * * *
You feel as though you will be slow longer.
You miss the hornet.
Your tail-slap misses the hornet.
The hornet is heavily wounded.
You feel very sick. The hornet stings you!
* * * LOW HITPOINT WARNING * * *
You feel as though you will be slow longer.
The hornet closely misses you. The hornet stings you!
* * * LOW HITPOINT WARNING * * *
You suddenly lose the ability to move!
You can move again.
You thump the hornet! You freeze the hornet.
The hornet is severely wounded.
You have got your breath back.
* * * LOW HITPOINT WARNING * * *
You feel very sick. The hornet misses you. The hornet stings you!
You die...

#.# #.# ####.## ...
#.....# ... .## ##..# ...
... #...####.## ... #
#.#.......# #.#
#.#.#y####..# #.#
##...°h####..# #.# #######
#.....☼.#....####.#
......#
#.##.#..#......##.#####
...##.# #.
#.#.....###.........
...##.##### #.......#
#.###.##.# .#.......#
###...>.###.# #.#...
.#.##.##.# #.........#
#.#... .#.##.##.#
...........#.# #.#...
......##.#########.....#.#
#.....


You could see a hornet.

Vanquished Creatures
  The ghost of pigah the Mimic, a novice OpSh (D:5)
  Sigmund (D:2)
  Eustachio (D:4)
  A steam dragon (D:6)
  An acid dragon (shapeshifter) (D:3)
  A water moccasin (D:5)
  An ice beast (D:5)
  2 black bears
  3 ogres
  2 bullfrogs (Sewer)
  3 jellies
  Crazy Yiuf (D:2)
  3 hounds (D:5)
  2 orc priests
  Natasha (thrice) (D:4)
  2 sleepcaps
  Ijyb (D:3)
  2 iguanas
  3 orc wizards
  A steam dragon zombie (D:6)
  15 adders
  A white imp (D:5)
  A worm (D:2)
  3 dart slugs
  15 orcs
  9 ball pythons
  7 bats
  9 endoplasms
  10 giant cockroaches
  9 goblins
  12 hobgoblins
  4 jackals
  7 quokkas
  10 frilled lizards
  8 kobolds
  8 rats
163 creatures vanquished.

Vanquished Creatures (others)
  An orc (D:6)
1 creature vanquished.

Grand Total: 164 creatures vanquished

Notes
Turn   | Place    | Note
-------+----------+-------------------------------------------
     0 | D:1      | javelincjr the Draconian Shapeshifter began the quest for
                  | the Orb.
     0 | D:1      | Reached XP level 1. HP: 16/16 MP: 1/1
   127 | D:1      | Reached XP level 2. HP: 23/23 MP: 2/2
   401 | D:1      | Found Pikanol's General Store.
   409 | D:1      | Bought a potion of curing for 36 gold pieces
   889 | D:2      | Reached XP level 3. HP: 29/29 MP: 3/3
  1204 | D:2      | Noticed Sigmund
  1247 | D:2      | Killed Sigmund
  1248 | D:2      | Reached XP level 4. HP: 8/38 MP: 0/4
  1248 | D:2      | Reached XP level 5. HP: 9/45 MP: 0/5
  1592 | D:2      | Found a runed translucent door.
  1593 | D:2      | Noticed Crazy Yiuf
  1820 | D:2      | Killed Crazy Yiuf
  1821 | D:2      | Reached skill level 4 in Shapeshifting
  1978 | D:3      | an adder changed into a shapeshifter
  1978 | D:3      | Noticed a shapeshifter (shapeshifter)
  1978 | D:3      | a shapeshifter changed into a wyvern
  1978 | D:3      | Noticed a wyvern (shapeshifter)
  1983 | D:3      | a wyvern changed into an acid dragon
  1983 | D:3      | Noticed an acid dragon (shapeshifter)
  1987 | D:3      | Killed an acid dragon
  1988 | D:3      | Reached XP level 6. HP: 21/52 MP: 3/6
  2257 | D:3      | Found a runed translucent gate.
  2257 | D:3      | Found a runed translucent gate.
  2257 | D:3      | Found a runed translucent gate.
  2262 | D:3      | Noticed hattop's ghost (amateur DsNe)
  2262 | D:3      | Noticed jpeg9000's ghost (amateur TeAE)
  2539 | D:3      | Noticed Ijyb
  2546 | D:3      | Killed Ijyb
  2729 | D:3      | Found a shimmering altar of Xom.
  2987 | D:4      | Your scales start taking on a rich purple colour.
  2987 | D:4      | Reached XP level 7. HP: 51/59 MP: 3/7
  3170 | D:4      | Found an ornate altar of the Wu Jian Council.
  3170 | D:4      | Found a burning altar of Makhleb.
  3195 | D:4      | Noticed Eustachio
  3202 | D:4      | Killed Eustachio
  3203 | D:4      | Reached skill level 1 in Spellcasting
  3207 | D:4      | Reached skill level 5 in Shapeshifting
  3305 | D:4      | Reached skill level 5 in Unarmed Combat
  3476 | D:4      | Noticed Natasha
  3483 | D:4      | Killed Natasha
  3519 | D:4      | Found a bloodstained altar of Trog.
  3821 | D:4      | Noticed Natasha
  3825 | D:4      | Killed Natasha
  3849 | D:4      | Found a radiant altar of Vehumet.
  3850 | D:4      | Found a sacrificial altar of Ru.
  3996 | D:4      | Found a stormy altar of Qazlal.
  4002 | D:4      | Became a worshipper of Qazlal Stormbringer
  4037 | D:4      | Noticed Natasha
  4044 | D:4      | Killed Natasha
  4123 | D:5      | Entered Level 5 of the Dungeon
  4129 | D:5      | Reached XP level 8. HP: 66/67 MP: 12/12
  4202 | D:5      | Reached skill level 1 in Invocations
  4246 | D:5      | Reached skill level 5 in Fighting
  4285 | D:5      | Found a transporter.
  4285 | D:5      | Noticed pigah's ghost (novice OpSh)
  4336 | D:5      | Found a staircase to the Ecumenical Temple.
  4364 | Temple   | Entered the Ecumenical Temple
  4502 | D:5      | Found a transporter.
  4768 | D:5      | Reached skill level 6 in Shapeshifting
  4870 | D:5      | Killed pigah's ghost
  4942 | D:6      | Reached XP level 9. HP: 59/74 MP: 16/16
  4945 | D:6      | Reached * piety under Qazlal
  4948 | D:6      | Found a glowing drain.
  4968 | Sewer    | Entered a sewer
  5258 | Sewer    | Reached skill level 5 in Spellcasting
  5288 | D:6      | Reached skill level 5 in Dodging
  5293 | D:6      | Reached ** piety under Qazlal
  5566 | D:6      | Paralysed by a hornet for 3 turns
  5570 | D:6      | Paralysed by a hornet for 2 turns
  5571 | D:6      | HP: 2/75 [poisoned by a hornet]
  5571 | D:6      | Slain by a hornet

Illustrated notes

Levels and vault maps discovered:
D:1:      elethiomel_arrival_infinity_welcomes_careful_drivers, layout_basic,
          serial_shops, nicolae_shop_temple_entry_statues_fountains,
          minmay_misc_feat_tiny, minmay_ruptured
D:2:      layout_basic, serial_bayou, serial_bayou_pond_b, serial_bayou_lake_a,
          serial_bayou_pond_e, serial_bayou_pond_e, st_stairs_10,
          serial_bayou_pond_a, roderic_nine_men_s_morris, uniq_sigmund,
          uniq_crazy_yiuf_cottage
D:3:      layout_loops_ring, overflow_temple_1_default,
          gammafunk_ghost_cemetery, uniq_ijyb
D:4:      layout_gridville, chequers_temple_overflow_statue_of_worship,
          mainiacjoe_overflow_alcove_1, amcnicky_altar_gilded,
          gammafunk_temple_overflow_statue, uniq_eustachio, uniq_natasha
D:5:      layout_rooms, minmay_temple_entry_glassed_door, gammafunk_ghost_arena
D:6:      layout_loops_cross, mainiacjoe_overflow_paths,
          cheibrodos_sewer_entry_drain
Temple:   minmay_temple_curvy_loop

Skill      XL: |  1  2  3  4  5  6  7  8  9 |
---------------+----------------------------+-----
Dodging        | 2 3 4 5 |  5.0
Fighting       | 3 4 5 |  5.7
Unarmed Combat | 4 5 |  5.8
Shapeshifting  | 4 5 6 |  6.5
Spellcasting   | 2 4 5 |  5.2
Invocations    | 2 3 |  3.0

Action                     |  1- 3 |  4- 6 |  7- 9 || total
---------------------------+-------+-------+-------++-------
  Melee: Unarmed           |    58 |       |       ||    58
         Tailslap          |    15 |    15 |    33 ||    63
         Short sword       |    82 |    33 |       ||   115
         Punch             |     2 |       |       ||     2
         Quarterstaff      |       |    64 |   207 ||   271
Ability: Breathe Dispellin |       |       |    16 ||    16
   Stab: Sleeping          |     1 |       |       ||     1
         Petrified         |       |     2 |       ||     2
         Paralysed         |       |       |     2 ||     2
         Confused          |       |       |     1 ||     1
 Armour: Skin              |    88 |    55 |   144 ||   287
  Dodge: Dodged            |    78 |    66 |   172 ||   316
  Block: Other             |       |       |     8 ||     8

Table legend: (Time is in decaauts)
 A = Elapsed time spent in this place.
 B = Non-inter-level travel time spent in this place.
 C = Inter-level travel time spent in this place.
 D = Time resting spent in this place.
 E = Time spent auto-exploring this place.
 F = Levels seen in this place.
 G = Mean time per level.
                   A        B        C        D        E       F      G
               +--------+--------+--------+--------+--------+-----+--------+
         Total |   5747 |   5582 |    165 |    225 |   4078 |   8 |  718.4 |
       Dungeon |   5354 |   5189 |    165 |    225 |   3952 |   6 |  892.3 |
        Temple |      1 |      1 |      0 |      0 |      0 |   1 |    1.0 |
         Sewer |    392 |    392 |      0 |      0 |    125 |   1 |  392.0 |
               +--------+--------+--------+--------+--------+-----+--------+

Top non-repeatable levels by time:
     D:2: 1200 daAuts
     D:4: 1165 daAuts
     D:3: 1023 daAuts
     D:5: 821 daAuts
     D:1: 800 daAuts
   Sewer: 392 daAuts
     D:6: 343 daAuts
  Temple: 1 daAuts
